AoeStats
← ANKR.Tank20089

Arabia

510246373Analyzed
1v1 RM · 19h ago on Sep 30, 2026· 30m 24s· 2 players
Game mode
Random Map
Map size
Tiny (2 player)
Population
200
Speed
Normal
Resources
Standard
Victory
Conquest
Starting age
Dark Age
Ending age
Imperial Age
RankedLock teamsTeams togetherTeam positionsShared explorationLock speedFull tech treeHidden civsTurbo modeCheats
Victory
Defeat
🇦🇷 Chinese · Argentina
2091
+21
🇹🇼 Hindustanis · Taiwan
2198
-21
qwertyoN.-
0:26 Loom
8:56 Feudal Age
9:35 Double-Bit Axe
16:42 Wheelbarrow
19:25 Castle Age
17:48 Fletching
18:25 Padded Archer Armor
18:17 Gold Mining
18:11 Horse Collar
19:28 Crossbowman
20:03 Bodkin Arrow
21:03 Bow Saw
26:18 Town Watch
26:16 Elite Skirmisher
27:14 Leather Archer Armor
28:28 Hand Cart
29:01 Ballistics
29:12 Gold Mining
ANKR.Tank20089
6:11 Loom
8:48 Feudal Age
9:26 Double-Bit Axe
19:00 Castle Age
17:40 Fletching
18:24 Padded Archer Armor
19:08 Gold Mining
19:43 Bodkin Arrow
19:20 Elite Skirmisher
20:33 Town Watch
21:15 Horse Collar
23:46 Wheelbarrow
Connection lost

Rejoining the realm…

Still unreachable

The connection could not be restored.

Session expired

The server has moved on; the page needs a fresh start.